 Dungeon Crawl Stone Soup version 0.30-a0-862-g1aabd4f9c5 (webtiles) character file.

Game seed: 12126809834566338812

230 Morbidden the Gusty (level 6, -3/43 HPs)
             Began as a Barachi Air Elementalist on Mar 9, 2023.
             Slain by an iguana (9 damage)
             ... on level 5 of the Dungeon.
             The game lasted 00:06:05 (5771 turns).

Morbidden the Gusty (Barachi Air Elementalist)      Turns: 5771, Time: 00:06:06

Health: -3/43      AC:  7    Str: 15    XL:     6   Next: 3%
Magic:  1/10       EV: 10    Int: 24    God:
Gold:   178        SH:  5    Dex: 12    Spells: 8/11 levels left

rFire   . . .      SeeInvis .    a - +0 hand axe
rCold   . . .      Faith    .    n - +2 buckler
rNeg    . . .      Spirit   .    s - +2 ring mail {Will+}
rPois   .          Reflect  .    (no helmet)
rElec   .          Rampage  .    (no cloak)
rCorr   .                        (no gloves)
Will    +....                    (no boots)
Stlth   +                        (no amulet)
HPRegen 0.27/turn                d - +6 ring of intelligence
MPRegen 0.12/turn                z - +6 ring of strength

@: mighty, brilliant, unable to hop, slow
A: amphibious, slowness 1, strong legs 1, +LOS
a: Hop


You were on level 5 of the Dungeon.
You visited 1 branch of the dungeon, and saw 5 of its levels.

You collected 260 gold pieces.
You spent 82 gold pieces at shops.

Inventory:

Hand Weapons
 a - a +0 hand axe (weapon)
Missiles
 r - 11 poisoned darts
 w - 2 boomerangs
Armour
 n - a +2 buckler (worn)
 s - a +2 ring mail of willpower (worn)
Jewellery
 d - a +6 ring of intelligence (left hand)
 e - an amulet of faith
 z - a +6 ring of strength (right hand)
Wands
 y - a wand of flame (16)
Scrolls
 f - a scroll of vulnerability {unknown}
 g - 2 scrolls of identify {unknown}
 j - a scroll of magic mapping
 k - a scroll of fog {unknown}
 l - a scroll of poison {unknown}
 p - 2 scrolls of immolation {unknown}
 t - a scroll of amnesia {unknown}
 u - a scroll of teleportation {unknown}
 v - 2 scrolls of butterflies {unknown}
 x - a scroll of blinking {unknown}
Potions
 b - 2 potions of magic
 c - 2 potions of might
 h - a potion of degeneration {unknown}
 i - a potion of mutation {unknown}
 m - a potion of brilliance
 o - 2 potions of lignification {unknown}


   Skills:
 * Level 1.6 Fighting
 * Level 2.5 Axes
 * Level 1.5 Armour
 * Level 2.5 Dodging
 + Level 1.8 Stealth
 * Level 1.1 Shields
 * Level 3.2 Spellcasting
 * Level 2.2 Conjurations
 * Level 4.5 Air Magic


You had 8 spell levels left.
You knew the following spells:

 Your Spells              Type           Power      Damage    Failure   Level
a - Shock                 Conj/Air       100%       1d9       7%          1
b - Static Discharge      Conj/Air       60%        2-5/arc   11%         2

Your spell library contained the following spells:

 Spells                   Type           Power      Damage    Failure   Level
 Swiftness                Air            38%        N/A       13%         3
 Apportation              Tloc           10%        N/A       28%         1
 Necrotise                Necr           20%        1d5       28%         1
 Summon Small Mammal      Summ           20%        N/A       28%         1
 Airstrike                Air            19%        2d(3-19)  41%         4


Dungeon Overview and Level Annotations

Branches:
Dungeon (4/15)
 Temple: D:4-7

Altars:
Gozag
Sif Muna
Zin

Shops:
D:1 ??:

Portals:
Ossuary: D:5


Innate Abilities, Weirdness & Mutations

You are amphibious.
You cover ground slowly.
You can hop short distances.
You have an extended range of vision and can be seen from far away.


Message History

Casting: Shock (safe; 7% risk of failure)
Confirm with . or Enter, or press ? or * to list all spells.
Aiming: Shock (safe; 7% risk of failure)
Press: ? - help, Shift-Dir - straight line, f/p - iguana
Aim: an iguana (heavily wounded, 75% to hit)
The zap hits the iguana.
The iguana is heavily wounded.
The iguana closely misses you.
Unknown command.
You feel better. The iguana bites you!
* * * LOW HITPOINT WARNING * * *
Unknown command.
Casting: Shock (safe; 7% risk of failure)
Confirm with . or Enter, or press ? or * to list all spells.
You don't have enough magic to cast this spell.
Unknown command.
Unknown command.
Hop to where?
Press: ? - help, Dir - move target, p - iguana Boing!
Okay, then.
Okay, then.
Okay, then.
It was a potion of might.
You feel very mighty all of a sudden.
Unknown command.
Unknown command.
You hit the iguana.
The iguana is heavily wounded.
The iguana barely misses you.
Unknown command.
Okay, then.
It was a potion of brilliance.
You feel clever all of a sudden. You block the iguana's attack.
Unknown command.
You closely miss the iguana.
The iguana is heavily wounded.
The iguana misses you. The iguana bites you!
You die...

##. ..##
#.. #..
#.# #..
#.# #l#
#.# #.#
#.####.###
#......'∩#
##l##..###
#@##..#
#.###.#
#.# #..
#.. #.#.
### ..##.
#.# #. #.+
#.


You could see an iguana.

Vanquished Creatures
  An iguana (D:3)
  Natasha (thrice) (D:3)
  A mummy (D:5)
  2 adders
  5 worms
  2 dart slugs (D:4)
  An orc (D:3)
  5 ball pythons
  3 bats
  6 endoplasms
  12 giant cockroaches
  5 goblins
  7 hobgoblins
  3 quokkas
  4 frilled lizards
  9 kobolds
  9 rats (D:1)
78 creatures vanquished.

Notes
Turn   | Place    | Note
-------+----------+-------------------------------------------
     0 | D:1      | Morbidden the Barachi Air Elementalist began the quest for
                  | the Orb.
     0 | D:1      | Reached XP level 1. HP: 13/13 MP: 3/3
   238 | D:1      | Found Luomoren's Magic Scroll Shoppe.
   253 | D:1      | Found Niusyof's Book Shop.
   275 | D:1      | Reached XP level 2. HP: 20/20 MP: 3/5
   378 | D:1      | Reached skill level 1 in Fighting
   473 | D:1      | Learned a level 2 spell: Static Discharge
   895 | D:1      | Reached XP level 3. HP: 26/26 MP: 2/6
   952 | D:1      | Found Deub's Magic Scroll Shop.
   962 | D:1      | Bought a scroll of magic mapping for 82 gold pieces
  1906 | D:2      | Reached XP level 4. HP: 26/32 MP: 2/8
  2333 | D:3      | Reached skill level 1 in Armour
  2586 | D:3      | Reached skill level 4 in Air Magic
  2962 | D:3      | Noticed Natasha
  2970 | D:3      | Killed Natasha
  2971 | D:3      | Reached skill level 1 in Axes
  2971 | D:3      | Reached XP level 5. HP: 37/37 MP: 2/9
  3063 | D:3      | Found an opulent altar of Gozag.
  3512 | D:3      | Found a glowing silver altar of Zin.
  3514 | D:3      | Found a shimmering blue altar of Sif Muna.
  3744 | D:3      | Noticed Natasha
  3750 | D:3      | Killed Natasha
  4208 | D:3      | Found an opulent altar of Gozag.
  4483 | D:3      | Found a glowing silver altar of Zin.
  4485 | D:3      | Found a shimmering blue altar of Sif Muna.
  5014 | D:3      | Noticed Natasha
  5020 | D:3      | Killed Natasha
  5021 | D:3      | Reached skill level 1 in Shields
  5080 | D:3      | Found an opulent altar of Gozag.
  5342 | D:3      | Found a glowing silver altar of Zin.
  5344 | D:3      | Found a shimmering blue altar of Sif Muna.
  5745 | D:4      | You fall into a shaft and drop 1 floor!
  5745 | D:5      | Entered Level 5 of the Dungeon
  5751 | D:5      | Found a sand-covered staircase.
  5761 | D:5      | Reached XP level 6. HP: 16/43 MP: 3/10
  5771 | D:5      | Slain by an iguana

Illustrated notes

Levels and vault maps discovered:
D:1:      enne_arrival_octagon_isle, layout_loops_ring, serial_shops,
          shop_statue, nicolae_shop_crystal, shop, minmay_rat_gold_closets
D:2:      minmay_roachtagon, layout_basic, nicolae_wormholes
D:3:      layout_basic, grunt_gozag_statues, nicolae_overflow_hidden_temple,
          minmay_pentangle, uniq_natasha
D:4:      kennysheep_slugbush, layout_loops_corners,
          mainiacjoe_overflow_24_doors, eino_small_chamber_without_monster
D:5:      layout_loops_ring, mainiacjoe_overflow_tiny_flanked,
          minmay_temple_entry_hall, nicolae_ossuary_entry_giza,
          uniq_prince_ribbit1

Skill      XL: |  1  2  3  4  5 |
---------------+----------------+-----
Fighting       | 1 |  1.6
Conjurations   | 2 |  2.2
Armour         | 1 |  1.5
Air Magic      | 4 |  4.5
Axes           | 1 2 |  2.5
Shields        | 1 |  1.1
Spellcasting   | 3 |  3.2
Dodging        | |  2.5
Stealth        | |  1.8

Action                     |  1- 3 |  4- 6 || total
---------------------------+-------+-------++-------
  Melee: Unarmed           |     3 |       ||     3
         Hand axe          |    10 |    21 ||    31
         Quarterstaff      |     3 |       ||     3
   Cast: Shock             |    87 |    95 ||   182
         Static Discharge  |       |     1 ||     1
Ability: Hop               |     1 |     1 ||     2
    Use: Potion            |       |     4 ||     4
   Stab: Sleeping          |     1 |       ||     1
 Armour: Robe              |     6 |     2 ||     8
         Ring mail         |       |     8 ||     8
  Dodge: Dodged            |    18 |    20 ||    38
  Block: Buckler           |     5 |    10 ||    15

Table legend: (Time is in decaauts)
 A = Elapsed time spent in this place.
 B = Non-inter-level travel time spent in this place.
 C = Inter-level travel time spent in this place.
 D = Time resting spent in this place.
 E = Time spent auto-exploring this place.
 F = Levels seen in this place.
 G = Mean time per level.
                   A        B        C        D        E       F      G
               +--------+--------+--------+--------+--------+-----+--------+
         Total |   6550 |   6421 |    129 |    184 |   5671 |   5 | 1310.0 |
       Dungeon |   6550 |   6421 |    129 |    184 |   5671 |   5 | 1310.0 |
               +--------+--------+--------+--------+--------+-----+--------+

Top non-repeatable levels by time:
     D:3: 3594 daAuts
     D:1: 1287 daAuts
     D:2: 1276 daAuts
     D:4: 364 daAuts
     D:5: 27 daAuts
